 Dungeon Crawl Stone Soup version 0.23.2 (webtiles) character file.

Game seed: 9436035896206722065

75 Borgoz the Cutter (level 4, -1/27 HPs)
             Began as a Kobold Gladiator on Apr 12, 2019.
             Slain by an orc
             ... wielding a +0 mace
              (5 damage)
             ... on level 2 of the Dungeon.
             The game lasted 00:03:09 (1605 turns).

Borgoz the Cutter (Kobold Gladiator)                Turns: 1605, Time: 00:03:10

Health: -1/27      AC:  6    Str: 12    XL:     4   Next: 55%
Magic:  4/4        EV: 15    Int:  9    God:
Gold:   75         SH:  0    Dex: 16    Spells: 3/3 levels left

rFire    . . .     SeeInvis .   a - +1 rapier
rCold    . . .     Gourm    .   (shield restricted)
rNeg     . . .     Faith    .   l - +0 ring mail
rPois    .         Spirit   .   c - +0 helmet
rElec    .         Reflect  .   (no cloak)
rCorr    .         Harm     .   (no gloves)
MR       .....                  (no boots)
Stlth    +.........             (no amulet)
HPRegen  0.09/turn              (no ring)
MPRegen  0.09/turn              (no ring)

@: no status effects
A: small, carnivore
a: no special abilities


You were on level 2 of the Dungeon.
You were very full.

You visited 1 branch of the dungeon, and saw 3 of its levels.

You collected 75 gold pieces.

Inventory:

Hand Weapons
 a - a +1 rapier (weapon)
Missiles
 d - 2 throwing nets (quivered)
Armour
 c - a +0 helmet (worn)
 l - a +0 ring mail (worn)
Scrolls
 b - a scroll of fog {unknown}
 g - 2 scrolls of remove curse
 k - 4 scrolls of magic mapping
Potions
 i - a potion of flight
Comestibles
 f - 8 rations
 m - 8 chunks of flesh


   Skills:
 + Level 2.6 Fighting
 * Level 4.7 Short Blades
 - Level 2.1 Throwing
 * Level 1.3 Armour
 * Level 4.3 Dodging
 + Level 1.7 Stealth


You had 3 spell levels left.
You didn't know any spells.
Your spell library was empty.

Dungeon Overview and Level Annotations

Branches:
Dungeon (3/15)

Altars:
Wu Jian


Innate Abilities, Weirdness & Mutations

You are small and have problems with some larger weapons.
You are carnivorous and can eat meat at any time.


Message History

You closely miss the orc.
The orc is lightly wounded.
The orc barely misses you.
Your ring mail prevents you from hitting the orc.
The orc is lightly wounded.
The orc misses you.
You barely miss the orc.
The orc is lightly wounded.
The orc hits you with a +0 mace.
* * * LOW HITPOINT WARNING * * *
You hit the orc but do no damage.
The orc is lightly wounded.
The orc hits you with a +0 mace.
* * * LOW HITPOINT WARNING * * *
Throwing (i - inventory)
d - 3 throwing nets (quivered)
Press: ? - help, Shift-Dir - straight line, f - orc
Aim: an orc, wielding a +0 mace (lightly wounded)
You throw a throwing net. The throwing net barely misses the orc.
The orc hits you with a +0 mace.
You die...

######....>........######..#.....
........#....#(..#(###.....#.....
######..#.##........<#.##......_.
.##.....#.####.#.....#.##..#.....
.##.###.#.##...........##..#.....
....#.#.#.##.#.#.#.#.#####.##....
..###...#.##.#.#.#.#.# #.####.#
....#.#.#....#.#o#.#.# #.......
#.#.#...######.#@#.#.######..####
#.....#.#.....>...........(.##
###.#.#.#.#..........#.##.#.#
#.#...#.#....#.#.###.##.#.#####
#.#.....#....#.#.....##...(....
#.#.....#..#.#.#..########.####
#.#.#.#.#....#.##### #.)# #
#.#...#.#.##.#.....# ##.###
#.#.....#.##(...##.# #..##


You could see an orc.

Vanquished Creatures
  2 adders (D:2)
  2 dart slugs
  3 leopard geckos
  2 orcs (D:3)
  A ball python (D:1)
  3 bats
  4 giant cockroaches
  3 goblins
  4 hobgoblins
  6 jackals
  A quokka (D:2)
  3 frilled lizards
  8 kobolds
  2 rats
44 creatures vanquished.

Notes
Turn   | Place    | Note
-------+----------+-------------------------------------------
     0 | D:1      | Borgoz the Kobold Gladiator began the quest for the Orb.
     0 | D:1      | Reached XP level 1. HP: 12/12 MP: 1/1
   108 | D:1      | Reached XP level 2. HP: 14/17 MP: 2/2
   451 | D:1      | Reached XP level 3. HP: 22/22 MP: 3/3
   700 | D:2      | Reached skill level 1 in Stealth
   856 | D:2      | Found an ornate altar of the Wu Jian Council.
   859 | D:2      | Reached skill level 1 in Armour
  1032 | D:2      | Reached XP level 4. HP: 21/27 MP: 4/4
  1565 | D:2      | HP: 1/27 [orc/+0 mace (5)]
  1605 | D:2      | Slain by an orc

Skill      XL: |  1  2  3 |
---------------+----------+-----
Dodging        | 4 |  4.3
Stealth        | 1 |  1.7
Armour         | 1 |  1.3
Fighting       | |  2.6
Short Blades   | |  4.7
Throwing       | |  2.1

Action                   |  1- 3 |  4- 6 || total
-------------------------+-------+-------++-------
Melee: Rapier            |   101 |    54 ||   155
Throw: Throwing net      |       |     1 ||     1
  Use: Scroll            |       |     6 ||     6
       Potion            |       |     1 ||     1
 Stab: Sleeping          |     2 |       ||     2
  Eat: Chunk             |     9 |     1 ||    10
Armor: Leather armour    |    16 |       ||    16
       Ring mail         |       |    12 ||    12
Dodge: Dodged            |    94 |    57 ||   151
